 Dungeon Crawl Stone Soup version 0.32-a0-42-ga30500b4d3 (webtiles) character file.

Game seed: 10802802243093838516

51 cforsyth the Magician (level 4, -3/29 (35) HPs)
             Began as a Djinni Reaver on Jan 26, 2024.
             Slain by a gnoll
             ... wielding a +0 whip
              (4 damage)
             ... on level 1 of the Dungeon.
             The game lasted 00:01:46 (1505 turns).

cforsyth the Magician (Djinni Reaver)               Turns: 1505, Time: 00:01:47

HP:   -3/29 (35)    AC:  4    Str: 11    XL:     4   Next: 5%
Gold: 26            EV: 11    Int: 16    God:
                    SH:  0    Dex: 12

rFire   + + .        a - +0 short sword
rCold   x . .        (no shield)
rNeg    . . .        b - +0 leather armour
rPois   ∞            (no helmet)
rElec   .            l - +0 cloak
rCorr   +            (no gloves)
SInv    .            (boots unavailable)
Will    .....        (no amulet)
Stlth   +            h - ring of resist corrosion
HPRegen 0.24/turn    (no ring)
MPRegen 0.00/turn

%: infuse magic (-4 HP)
@: flying, heavily drained
A: sickness immunity, fire resistance 2, cold vulnerability 1, float, innate
caster, HP casting, extra vitality 1
a: no special abilities


You were on level 1 of the Dungeon.
You visited 1 branch of the dungeon, and saw 2 of its levels.

You collected 26 gold pieces.

Inventory:

Hand Weapons
 a - a +0 short sword (weapon)
Armour
 b - a +0 leather armour (worn)
 l - a +0 cloak (worn)
Jewellery
 h - a ring of resist corrosion (left hand)
Scrolls
 d - a scroll of identify {unknown}
 e - a scroll of noise {unknown}
 f - a scroll of blinking {unknown}
 i - a scroll of butterflies {unknown}
 j - 2 scrolls of vulnerability {unknown}
Potions
 c - 2 potions of brilliance {unknown}
 g - a potion of might {unknown}
 k - a potion of mutation {unknown}


   Skills:
 + Level 3.2 Fighting
 - Level 2.6 Short Blades
 - Level 2.1 Dodging
 + Level 3.5 Spellcasting
 + Level 3.5 Conjurations
 + Level 3.5 Hexes
 + Level 3.5 Summonings
 + Level 3.5 Necromancy
 + Level 3.5 Translocations
 + Level 3.5 Fire Magic
 + Level 3.5 Ice Magic
 + Level 3.5 Air Magic
 + Level 3.5 Earth Magic
 + Level 3.5 Alchemy


You knew the following spells:

 Your Spells              Type           Power      Damage    Failure   Level
a - Kiss of Death         Conj/Necr      56%        2d9       5%          1
b - Momentum Strike       Conj/Tloc      28%        3d8       9%          2
c - Hailstorm             Conj/Ice       14%        3d6       17%         3
d - Necrotise             Necr           56%        1d6       5%          1
Your spell library was empty.

Dungeon Overview and Level Annotations

Branches:
Dungeon (2/15)

Altars:


Innate Abilities, Weirdness & Mutations

You are immune to sickness and miasma.
You are immune to poison.
Your flesh is very heat resistant. (rF++)
You are vulnerable to cold. (rC-)
You float through the air rather than walking.
You learn spells naturally, not from books.
Your magical power is your life essence.
You have superior vitality. (+4 MHP)


Message History

No target in view!
No target in view!
No target in view!
Done exploring.
Done exploring.
You see here a Young Poisoner's Handbook.
There is a stone staircase leading down here.
You fly downwards.
The gnoll closely misses you.
There is a stone staircase leading up here.
There are monsters nearby!
The gnoll barely misses you. The gnoll misses you.
You fly upwards.
There is a stone staircase leading down here.
The gnoll misses you. The gnoll barely misses you.
The gnoll attacks as it pursues you! The gnoll hits you with a +0 flail.
The gnoll hits you with a +0 whip. The gnoll hits you with a +0 whip.
The gnoll attacks as it pursues you! The gnoll hits you with a +0 flail.
The gnoll attacks as it pursues you! The gnoll barely misses you.
You hit the gnoll but do no damage. The gnoll barely misses you.
You hit the gnoll but do no damage. The gnoll barely misses you.
You hit the gnoll.
The gnoll is lightly wounded.
You hit the gnoll but do no damage.
The gnoll is lightly wounded.
The gnoll hits you with a +0 whip. The gnoll closely misses you.
You barely miss the gnoll.
The gnoll is lightly wounded.
The gnoll hits you with a +0 whip.
You are too injured to fight recklessly!
You are too injured to fight recklessly!
You are too injured to fight recklessly!
You are too injured to fight recklessly!
You are too injured to fight recklessly!
You are too injured to fight recklessly!
The gnoll closely misses you. The gnoll attacks as it pursues you!
The gnoll hits you with a +0 flail!
* * * LOW HITPOINT WARNING * * *
The gnoll attacks as it pursues you! The gnoll hits you with a +0 whip.
You die...

### #.# #.## #...
#################### #.##
...................#######
#.#.
.###############@........#
#.#. ........#
#gg........## #.#.
........# #...........#
#.#. ........#
#...........# #.#.
........# #.#####.....#
#.#. ........# ##.###
####### #.#. +##....##
#..).# ######.## .##....#
###...># #........
.##....#####.)..).#
#......##


You could see 2 gnolls.

Vanquished Creatures
  2 gnolls (D:1)
  A ribbon worm (D:2)
  3 endoplasms
  A goblin (D:1)
  3 hobgoblins (D:1)
  2 jackals (D:1)
  2 quokkas
  2 ball pythons (D:1)
  3 bats (D:1)
  3 frilled lizards
  4 kobolds
  2 rats (D:1)
28 creatures vanquished.

Notes
Turn   | Place    | Note
-------+----------+-------------------------------------------
     0 | D:1      | cforsyth the Djinni Reaver began the quest for the Orb.
     0 | D:1      | cforsyth set off with the following spells memorised: Kiss
                  | of Death, Momentum Strike, Hailstorm.
     0 | D:1      | Reached XP level 1. HP: 18/18 MP: 0/0
    76 | D:1      | Reached XP level 2. HP: 9/23 MP: 0/0
   598 | D:1      | Reached XP level 3. HP: 25/29 MP: 0/0
   598 | D:1      | Learned a level 1 spell: Necrotise
   622 | D:1      | You are sucked into a shaft and drop 1 floor!
  1172 | D:1      | Reached XP level 4. HP: 14/28 MP: 0/0
  1505 | D:1      | HP: 1/29 [gnoll/+0 flail (12)]
  1505 | D:1      | Slain by a gnoll

Illustrated notes

Levels and vault maps discovered:
D:1:      grunt_arrival_crossed_arrows, layout_basic
D:2:      layout_basic, basic_altar

Skill      XL: |  1  2  3 |
---------------+----------+-----
Spellcasting   | 3 |  3.5
Conjurations   | 3 |  3.5
Hexes          | 3 |  3.5
Summonings     | 3 |  3.5
Necromancy     | 3 |  3.5
Translocations | 3 |  3.5
Fire Magic     | 3 |  3.5
Ice Magic      | 3 |  3.5
Air Magic      | 3 |  3.5
Earth Magic    | 3 |  3.5
Alchemy        | 3 |  3.5
Fighting       | 3 |  3.2
Short Blades   | |  2.6
Dodging        | |  2.1

Action                     |  1- 3 |  4- 6 || total
---------------------------+-------+-------++-------
  Melee: Short sword       |   142 |     8 ||   150
         Punch             |     4 |       ||     4
   Cast: Kiss of Death     |     2 |       ||     2
 Armour: Leather armour    |    82 |     9 ||    91
  Dodge: Dodged            |    79 |    11 ||    90

Table legend: (Time is in decaauts)
 A = Elapsed time spent in this place.
 B = Non-inter-level travel time spent in this place.
 C = Inter-level travel time spent in this place.
 D = Time resting spent in this place.
 E = Time spent auto-exploring this place.
 F = Levels seen in this place.
 G = Mean time per level.
                   A        B        C        D        E       F      G
               +--------+--------+--------+--------+--------+-----+--------+
         Total |   1487 |   1412 |     75 |    225 |    856 |   2 |  743.5 |
       Dungeon |   1487 |   1412 |     75 |    225 |    856 |   2 |  743.5 |
               +--------+--------+--------+--------+--------+-----+--------+

Top non-repeatable levels by time:
     D:1: 1298 daAuts
     D:2: 189 daAuts
